Map: [ESL] Cosmic Sapphire

Players

Rex

  • Race: Zerg Zerg
  • Spawn Location: 11:00

ButAlways - Winner!

  • Race: Protoss Protoss
  • Spawn Location: 5:00

Event: DreamHack SC2 Masters 2022 Atlanta (Online)

VOD

Have the link to the VOD?

Description

Time

  • Played on: Oct. 1, 2022, 7:39 a.m.
  • Length: 11:26

All games in this series

Show
View Real Time Build Order
Export as new Build Order

Rex Zerg 

Build Orders: Hatch First 

Get SALT Encoding   

  12  0:00  Drone  
  13  0:11  Overlord  
  13  0:16  Drone  
  14  0:30  Drone  
  14  0:31  Drone  
  16  0:47  Hatchery  
  15  0:50  Drone  
  15  0:54  Drone  
  17  0:58  Drone  
  18  1:08  Extractor  
  17  1:13  Spawning Pool  
  17  1:17  Drone  
  17  1:20  Drone  
  18  1:28  Drone  
  19  1:38  Drone  
  20  1:49  Overlord  
  20  2:00  Queen x2  
  20  2:01  Zergling x4  
  26  2:11  Metabolic Boost  
  26  2:13  Drone  
  26  2:15  Drone  
  28  2:22  Drone  
  29  2:23  Drone  
  30  2:37  Hatchery  
  29  2:42  Drone x2  
  31  2:48  Queen  
  33  2:53  Overlord  
  33  2:56  Drone  
  33  2:57  Drone  
  35  3:00  Drone  
  35  3:04  Overlord  
  36  3:11  Queen  
  38  3:15  Drone x2  
  38  3:16  Drone  
  38  3:18  Drone  
  42  3:25  Queen  
  42  3:26  Drone  
  45  3:28  Drone  
  45  3:31  Drone  
  48  3:34  Drone  
  48  3:39  Overlord  
  48  3:45  Drone  
  48  3:46  Drone  
  48  3:47  Evolution Chamber  
  49  3:49  Queen  
  49  3:52  Queen  
  53  4:01  Drone x5  
  58  4:05  Spore Crawler  
  58  4:06  Drone  
  58  4:10  Drone  
  58  4:11  Drone  
  58  4:14  Drone  
  58  4:15  Overlord  
  61  4:18  Zerg Melee Weapons Level 1  
  60  4:29  Zergling x10  
  65  4:39  Drone  
  65  4:40  Drone x3  
  65  4:42  Overlord  
  65  4:43  Overlord  
  65  4:44  Drone x3  
  72  4:50  Spore Crawler  
  71  4:54  Drone x3  
  71  4:58  Overlord  
  73  5:00  Baneling Nest, Overlord  
  73  5:01  Overlord  
  73  5:02  Drone  
  73  5:08  Hatchery  
  73  5:11  Lair  
  73  5:14  Drone x2  
  73  5:18  Extractor x2  
  70  5:23  Zergling x14  
  70  5:24  Zergling x2  
  70  5:27  Drone  
  70  5:28  Drone x2  
  80  5:30  Zergling x6  
  80  5:33  Zergling x2  
  84  5:39  Zergling x10  
  89  5:43  Drone  
  89  5:45  Extractor x2  
  86  5:53  Drone x6  
  86  5:56  Drone x3  
  95  5:59  Drone  
  95  6:00  Extractor  
  95  6:01  Roach Warren  
  94  6:09  Zergling x10  
  94  6:10  Hatchery  
  98  6:12  Hydralisk Den, Overlord  
  98  6:16  Overlord  
  97  6:22  Zergling x12  
  104  6:27  Overlord  
  104  6:29  Centrifugal Hooks  
  104  6:32  Zergling x6  
  107  6:33  Zergling x2  
  107  6:38  Drone  
  107  6:39  Drone x5  
  114  6:44  Overlord  
  113  6:47  Grooved Spines, Overlord, Extractor  
  113  6:52  Overseer  
  113  6:53  Drone  
  113  6:55  Drone x5  
  113  6:56  Drone  
  113  6:58  Drone  
  113  6:59  Drone x3  
  123  7:03  Zerg Melee Weapons Level 2  
  123  7:05  Drone x2  
  125  7:23  Overlord x2  
  125  7:28  Hatchery  
  123  7:32  Hydralisk x3  
  123  7:33  Hydralisk x5  
  139  7:40  Hydralisk  
  139  7:41  Hydralisk x3  
  147  7:44  Hydralisk x2  
  147  7:45  Hydralisk  
  147  7:49  Hydralisk x2  
  157  7:58  Muscular Augments, Hydralisk x2  
  157  8:00  Zergling x16  
  169  8:11  Baneling x10  
  168  8:15  Zergling x10  
  168  8:16  Overlord x3  
  173  8:25  Overlord x2  
  173  8:27  Overlord x2  
  173  8:28  Overlord  
  173  8:32  Baneling x14  
  173  8:37  Zergling x2  
  173  8:38  Zergling x16  
  177  8:42  Baneling x6  
  177  8:47  Zergling x2  
  177  8:48  Zergling x14  
  182  8:59  Zergling x24  
  182  9:02  Zergling x6  
  189  9:05  Zergling x8  
  189  9:06  Zergling x2  
  189  9:08  Zergling x2  
  181  9:11  Zergling x2, Drone  
  181  9:13  Hydralisk x2  
  181  9:14  Zergling x2  
  181  9:15  Drone  
  167  9:17  Baneling  
  167  9:18  Zergling x2, Baneling x3  
  167  9:19  Zergling x2  
  167  9:21  Zergling x2, Drone  
  162  9:24  Baneling  
  162  9:25  Baneling x5  
  162  9:26  Zergling x2, Drone  
  162  9:27  Zergling x2  
  162  9:29  Zergling x6  
  167  9:31  Zergling x2, Drone  
  167  9:33  Zergling x2  
  167  9:34  Zergling x4  
  167  9:37  Zergling x8  
  173  9:42  Zergling x2, Drone  
  173  9:44  Zergling x2  
  173  9:45  Zergling x10  
  171  9:55  Baneling x9  
  171  10:00  Zergling x2, Drone  
  171  10:05  Baneling x12, Hatchery  
  172  10:09  Zergling x2  
  172  10:10  Zergling x8  
  172  10:14  Zergling x2, Drone  
  179  10:15  Drone  
  179  10:17  Zergling x8  
  179  10:19  Zergling x2, Drone  
  176  10:23  Zergling x2, Hydralisk x4  
  175  10:30  Zergling x6  
  175  10:34  Zergling x2, Drone  
  164  10:36  Zergling x2, Drone  
  164  10:38  Zergling x2, Drone  
  164  10:39  Hydralisk  
  164  10:42  Zergling x2, Drone  
  163  10:50  Zergling x2  
  163  10:51  Zergling x4  
  163  10:53  Zergling x2, Drone  
  163  10:55  Zergling x4, Drone  
  163  10:56  Zergling x4  
  167  10:59  Zergling x2, Drone  
  167  11:02  Drone  
Show
View Real Time Build Order
Export as new Build Order

ButAlways Protoss - Winner!

Build Orders: 1 Gate Expand, Oracle Opening, Zealot Archon 

Get SALT Encoding   

  12  0:00  Probe  
  13  0:12  Probe  
  14  0:20  Pylon  
  14  0:24  Probe  
  15  0:38  Probe (Chrono Boost)  
  15  0:41  Gateway  
  16  0:48  Probe (Chrono Boost), Assimilator  
  17  0:53  Probe (Chrono Boost)  
  18  1:04  Probe  
  19  1:16  Probe  
  20  1:24  Nexus  
  20  1:36  Cybernetics Core  
  20  1:38  Probe  
  21  1:43  Assimilator  
  21  1:50  Probe  
  22  1:54  Pylon  
  22  2:02  Probe (Chrono Boost)  
  23  2:10  Adept (Chrono Boost)  
  23  2:14  Probe (Chrono Boost)  
  26  2:18  Stargate  
  26  2:21  Probe (Chrono Boost)  
  27  2:25  Warp Gate  
  27  2:29  Probe (Chrono Boost)  
  28  2:32  Adept  
  31  2:37  Probe (Chrono Boost)  
  32  2:46  Probe x2 (Chrono Boost)  
  33  2:51  Probe (Chrono Boost)  
  33  2:53  Probe  
  35  3:01  Oracle (Chrono Boost)  
  35  3:03  Probe  
  35  3:05  Probe  
  40  3:15  Probe  
  40  3:17  Probe  
  40  3:18  Pylon  
  42  3:27  Probe  
  42  3:29  Nexus  
  42  3:30  Probe  
  44  3:35  Oracle (Chrono Boost)  
  44  3:39  Probe  
  48  3:45  Probe, Pylon  
  49  3:49  Shield Battery  
  49  3:54  Probe  
  49  3:55  Twilight Council  
  50  4:00  Probe  
  51  4:06  Probe (Chrono Boost)  
  51  4:07  Forge  
  52  4:16  Assimilator  
  53  4:18  Probe x2 (Chrono Boost)  
  53  4:23  Assimilator  
  54  4:27  Probe (Chrono Boost)  
  54  4:28  Probe (Chrono Boost), Blink (Chrono Boost), Gateway x2  
  56  4:32  Pylon  
  57  4:38  Probe (Chrono Boost)  
  57  4:41  Probe x2 (Chrono Boost)  
  59  4:50  Stalker  
  63  4:55  Probe x2 (Chrono Boost)  
  63  4:57  Probe (Chrono Boost)  
  64  5:00  Gateway  
  64  5:01  Probe, Gateway  
  64  5:03  Protoss Ground Weapons Level 1, Probe  
  66  5:09  Probe  
  66  5:13  Probe  
  66  5:14  Stalker  
  66  5:16  Probe  
  69  5:21  Probe  
  69  5:26  Probe  
  72  5:28  Probe  
  72  5:30  Stalker x2, Pylon  
  72  5:33  Probe  
  77  5:38  Probe  
  77  5:39  Templar Archives  
  77  5:40  Probe  
  77  5:42  Photon Cannon  
  79  5:43  Pylon  
  79  5:45  Probe  
  80  5:50  Probe  
  80  5:52  Probe  
  79  5:58  Probe, Stalker x2  
  79  5:59  Stalker x2  
  79  6:00  Psionic Storm  
  79  6:02  Probe  
  89  6:04  Probe, Assimilator  
  89  6:07  Assimilator  
  89  6:08  Charge (Chrono Boost)  
  91  6:12  Gateway x2  
  91  6:15  Probe  
  93  6:18  Probe  
  93  6:19  Pylon  
  93  6:23  Pylon  
  93  6:24  Probe, High Templar  
  95  6:27  Probe  
  95  6:30  High Templar  
  98  6:36  Probe  
  98  6:38  Nexus  
  99  6:45  Gateway  
  99  6:46  Gateway  
  99  6:47  High Templar x2  
  99  6:48  Zealot  
  99  6:53  Photon Cannon x2  
  105  6:55  Archon  
  105  6:56  Photon Cannon  
  105  6:57  Probe x2  
  105  6:58  Probe  
  108  7:07  Gateway  
  108  7:09  Probe x2  
  108  7:10  Assimilator  
  108  7:12  High Templar x2  
  108  7:14  Shield Battery  
  108  7:15  Assimilator  
  114  7:19  Probe, Pylon  
  114  7:20  Archon, Protoss Ground Weapons Level 2 (Chrono Boost)  
  114  7:21  Probe  
  116  7:26  Probe  
  116  7:27  Pylon  
  117  7:37  Probe  
  117  7:38  Pylon x2  
  117  7:39  Fleet Beacon  
  117  7:40  Probe  
  117  7:41  Stargate, Probe  
  120  7:50  Probe x2  
  122  7:52  Probe  
  122  7:53  Zealot x5  
  122  7:56  High Templar x2  
  122  7:57  Probe  
  138  8:02  Probe  
  139  8:09  Protoss Air Weapons Level 1 (Chrono Boost)  
  139  8:12  Robotics Facility  
  139  8:16  Gateway  
  139  8:26  High Templar x2  
  139  8:27  Zealot x6  
  147  8:31  Pylon  
  155  8:36  Shield Battery  
  155  8:37  Shield Battery, Pylon  
  155  8:38  Pylon  
  155  8:39  Shield Battery, Pylon  
  155  8:40  High Templar x2  
  149  8:41  Shield Battery  
  149  8:42  Carrier (Chrono Boost)  
  149  8:43  Shield Battery  
  149  8:44  Archon  
  155  8:51  Shield Battery  
  155  8:52  Zealot  
  155  8:53  Zealot x2, Photon Cannon  
  161  9:00  Zealot x4  
  163  9:05  Gateway  
  159  9:14  Zealot x4  
  159  9:15  Zealot x2  
  161  9:22  Zealot x3  
  163  9:32  High Templar x2  
  163  9:36  Archon, High Templar x4  
  173  9:42  Archon x2  
  173  9:43  High Templar  
  173  9:45  Gateway x2  
  151  9:50  Photon Cannon  
  151  9:52  Photon Cannon  
  151  9:54  Pylon  
  151  9:57  Carrier (Chrono Boost)  
  157  10:06  Zealot x5  
  171  10:16  Carrier (Chrono Boost)  
  167  10:24  Nexus, High Templar x2  
  167  10:26  Zealot x7  
  185  10:35  Archon x2  
  183  10:46  Photon Cannon  
  183  10:47  Zealot x4  
  187  10:51  Zealot x2  
  193  11:02  Zealot  
  195  11:05  Archon  
  195  11:07  High Templar x2  
  191  11:18  Zealot x3  
  196  11:22  Pylon  
Tags
 
Add a new tag
Caveats
  • Supply blocks, unpowered buildings, or Contaminate may cause inaccurate times.
  • Supply counts are checked every 10 seconds.